 Dungeon Crawl Stone Soup version 0.15.1-4-gac8487e (webtiles) character file.

11606 Charly the Martial Artist (level 11, -1/57 HPs)
             Began as a Vine Stalker Transmuter on Oct 14, 2014.
             Slain by a black mamba (11 damage)
             ... on Level 5 of the Lair of Beasts.
             The game lasted 01:05:40 (6093 turns).

Charly the Martial Artist (Vine Stalker Transmuter) Turns: 6093, Time: 01:05:40

HP  -1/57        AC  7     Str 12      XL: 11   Next: 80%
MP   0/27        EV 10     Int 16      God:
Gold 833         SH  0     Dex 19      Spells:  4 memorised, 10 levels left

rFire  . . .     SeeInvis .     b - melded +0 blowgun
rCold  + + +     Clarity  .     c - melded +0 robe
rNeg   . . .     rCorr    +     (shield currently unavailable)
rPois  +         rRot     +     i - melded +1 helmet of Alemes {rF+ Int+2}
rElec  .         Spirit   +     (no cloak)
SustAb .         Warding  .     (gloves currently unavailable)
rMut   .         Stasis   .     g - melded +1 pair of boots {+Jump}
Gourm  .                        A - amulet of resist corrosion
MR     +....                    n - +3 ring of dexterity
                                R - ring of protection from fire

@: ice-form, somewhat resistant to hostile enchantments, unstealthy
A: (fangs 0), regeneration 2, magic shield, (antimagic bite), no device heal 3,
rot immunity
a: End Transformation


You were on level 5 of the Lair of Beasts.
You were not hungry.
You were a creature of crystalline ice.
You visited 2 branches of the dungeon, and saw 15 of its levels.

You collected 833 gold pieces.

Inventory:

Hand weapons
 b - a +0 blowgun (melded)
 k - a +0 scythe
Missiles
 f - 11 poisoned needles
 h - 2 needles of confusion
 l - 112 arrows
 B - 11 poisoned arrows
 F - 4 needles of sleeping
Armour
 c - a +0 robe (melded)
 g - a +1 pair of boots of jumping (melded)
 i - the +1 helmet of Alemes (melded) {rF+ Int+2}
   (You found it on level 8 of the Dungeon)

   It affects your intelligence (+2).
   It protects you from fire.
Magical devices
 j - a wand of magic darts (12)
 q - a wand of fireball (4)
 y - a wand of disintegration (4)
 G - a wand of disintegration (20)
 I - a wand of slowing (8)
 N - a wand of disintegration (11)
Comestibles
 a - 8 bread rations
 m - 6 meat rations
 C - 2 fruits
 P - 2 rotting chunks of giant frog flesh
 S - a beef jerky
Scrolls
 s - 2 scrolls of blinking
 u - 2 scrolls of amnesia
 z - 2 scrolls of remove curse
 D - a scroll of recharging {unknown}
 H - a scroll of torment {unknown}
 K - a scroll of noise {unknown}
 M - a scroll of enchant armour {unknown}
 Q - a scroll of magic mapping
 T - a scroll of identify
Jewellery
 n - a +3 ring of dexterity (right paw)
 o - an uncursed ring of positive energy
 r - an uncursed ring of ice
 w - an uncursed ring of sustain abilities
 x - an uncursed ring of flight
 A - an amulet of resist corrosion (around neck)
 R - a ring of protection from fire (left paw)
Potions
 e - 2 potions of brilliance
 p - a potion of experience
 t - a potion of curing
 v - 2 potions of might
 E - a potion of cure mutation
 J - a potion of resistance
 L - a potion of magic
Books
 d - a book of Changes

   Spells                             Type                      Level
   Beastly Appendage                  Transmutation                1
   *Sticks to Snakes                  Transmutation                2
   *Spider Form                       Transmutation/Poison         3
   *Ice Form                          Ice/Transmutation            4
   *Blade Hands                       Transmutation                5
Miscellaneous
 O - a sack of spiders


   Skills:
 - Level 0.8 Fighting
 - Level 1.5 Dodging
 * Level 12.2 Unarmed Combat
 + Level 7.1 Spellcasting
 - Level 10.5 Transmutations
 - Level 4.5 Ice Magic
 - Level 3.0 Poison Magic
 + Level 3.0 Evocations


You had 10 spell levels left.
You knew the following spells:

 Your Spells              Type           Power        Failure   Level  Hunger
h - Blade Hands           Trmt           #####.....   6%          5    #####..
s - Sticks to Snakes      Trmt           #####.....   1%          2    None
I - Ice Form              Ice/Trmt       ####....     8%          4    ####...
S - Spider Form           Trmt/Pois      ####......   1%          3    ##.....


Dungeon Overview and Level Annotations

Branches:
Dungeon (10/15)              Lair (5/8) D:10
 Temple: D:4-7          Orc: D:9-12       Swamp: Lair:3-6    Shoals: Lair:3-6
  Snake: Lair:3-6    Spider: Lair:3-6

Altars:
Okawaru
Trog
Xom
The Shining One

Shops:
D:5 *

Annotations:
D:6 MuedeAugen's ghost, experienced MiBe
D:10 exclusion: oklob plant


Innate Abilities, Weirdness & Mutations

((You have razor-sharp teeth.))
You heal very quickly.
When hurt, damage is shared between your health and your magic reserves.
((Your bite disrupts and absorbs the magic of your enemies.))
Potions and wands cannot restore your health.
You are immune to rotting.


Message History

The black mamba completely misses you. The black mamba bites you.
You hit the black mamba but do no damage.
You bite the black mamba, but do no damage.
The black mamba bites you!
You closely miss the black mamba. Your bite misses the black mamba.
The black mamba bites you!
* * * LOW HITPOINT WARNING * * *
You smell something rotten. (slot P)
You miss the black mamba.
You bite the black mamba, but do no damage.
The black mamba closely misses you. The black mamba bites you.
* * * LOW HITPOINT WARNING * * *
You hit the black mamba.
The black mamba seems to slow down.
You freeze the black mamba. Your bite misses the black mamba.
The black mamba is lightly wounded.
The black mamba closely misses you.
You pummel the black mamba!! You freeze the black mamba.
The black mamba is heavily wounded.
The black mamba bites you!
You die...

. ##.. #... ... ..
8. +.. .....> #.. .
.8... ..#.......
##..#......
#..S...#..#
##Y#.......
###...#......
##...........#
###....P...#...#
.#.P##.....##P.#....
.........<#.##..8.>.
..#.#..###### ##....
. #.# #.8 ## #


You could see a black mamba.

Vanquished Creatures
  A centaur warrior (D:10)
  Erica (Lair:4)
  2 hill giants (D:10)
  2 spiny frogs
  A centaur skeleton (D:10)
  2 komodo dragons
  Prince Ribbit (D:9)
  A basilisk (Lair:3)
  2 wyverns
  2 hungry ghosts (D:9)
  2 hippogriffs
  11 yaks
  A human (D:7)
  Edmund (D:9)
  An orc warrior (D:6)
  5 water moccasins
  3 porcupines
  A necrophage (D:7)
  2 phantoms
  5 sky beasts
  2 ice beasts
  5 crocodiles
  3 centaurs
  Sigmund (D:5)
  An ogre (D:8)
  Blork the orc (D:6)
  11 giant frogs
  2 scorpions
  3 wights (D:6)
  5 hounds
  4 crimson imps
  3 jellies
  A giant frog skeleton (D:9)
  5 iguanas
  4 orc priests
  A gnoll shaman (D:4)
  5 orc wizards
  Natasha (twice) (D:5)
  9 sheep
  6 worker ants
  An ogre zombie (D:6)
  A worker ant zombie (D:9)
  6 adders
  3 gnolls (D:4)
  7 green rats (Lair:3)
  An inept feature mimic (D:6)
  A shadow imp (D:5)
  2 iguana zombies
  An orc skeleton (D:9)
  2 oozes
  16 orcs
  3 giant cockroaches
  7 hobgoblins
  8 jackals
  6 quokkas
  8 bats
  4 giant geckos
  2 giant newts
  8 goblins
  A hobgoblin zombie (D:6)
  5 kobolds
  A quokka zombie (D:9)
  8 rats
  A plant (D:10)
224 creatures vanquished.

Notes
Turn   | Place    | Note
--------------------------------------------------------------
     0 | D:1      | Charly, the Vine Stalker Transmuter, began the quest for the Orb.
     0 | D:1      | Reached XP level 1. HP: 9/9 MP: 3/3
    90 | D:2      | Reached XP level 2. HP: 14/14 MP: 5/5
   108 | D:2      | Learned a level 2 spell: Sticks to Snakes
   464 | D:3      | Reached XP level 3. HP: 10/17 MP: 4/7
   495 | D:3      | Learned a level 3 spell: Spider Form
   576 | D:4      | Reached skill level 4 in Unarmed Combat
   576 | D:4      | Reached XP level 4. HP: 14/21 MP: 4/8
   643 | D:5      | Entered Level 5 of the Dungeon
   685 | D:5      | Noticed Sigmund
   715 | D:5      | Killed Sigmund
   715 | D:5      | Reached XP level 5. HP: 16/25 MP: 5/11
   820 | D:5      | Reached skill level 5 in Unarmed Combat
   820 | D:5      | Gained mutation: You heal very quickly. [vine stalker growth]
   820 | D:5      | Reached XP level 6. HP: 25/29 MP: 9/12
   974 | D:5      | Reached skill level 5 in Transmutations
  1017 | D:5      | Noticed Natasha
  1023 | D:5      | Killed Natasha
  1069 | D:5      | Found a shimmering altar of Xom.
  1071 | D:5      | Found an iron altar of Okawaru.
  1086 | D:5      | Found a bloodstained altar of Trog.
  1228 | D:5      | Noticed a sky beast
  1238 | D:5      | Killed a sky beast
  1238 | D:5      | Reached XP level 7. HP: 32/32 MP: 10/14
  1327 | D:5      | Reached skill level 6 in Unarmed Combat
  1599 | D:5      | Noticed Natasha
  1607 | D:5      | Killed Natasha
  1649 | D:5      | Found Foime's Assorted Antiques.
  1957 | D:6      | Gained mutation: You have razor-sharp teeth. [vine stalker growth]
  1957 | D:6      | Reached XP level 8. HP: 33/37 MP: 11/16
  2068 | D:6      | Reached skill level 7 in Unarmed Combat
  2080 | D:6      | Learned a level 5 spell: Blade Hands
  2260 | D:6      | Noticed Blork the orc
  2298 | D:6      | Killed Blork the orc
  2410 | D:6      | Noticed MuedeAugen's ghost (experienced MiBe)
  2566 | D:7      | Reached skill level 1 in Poison Magic
  2684 | D:7      | Reached skill level 8 in Unarmed Combat
  2717 | D:7      | Reached XP level 9. HP: 37/40 MP: 5/18
  2861 | D:7      | Found a glowing golden altar of the Shining One.
  3337 | D:8      | Got a polished helmet
  3344 | D:8      | Identified the +1 helmet of Alemes {rF+ Int+2} (You found it on level 8 of the Dungeon)
  3735 | D:9      | Reached skill level 9 in Unarmed Combat
  3742 | D:9      | Learned a level 4 spell: Ice Form
  3785 | D:9      | Reached skill level 1 in Ice Magic
  3889 | D:9      | Noticed Edmund
  3903 | D:9      | Killed Edmund
  3972 | D:9      | Reached XP level 10. HP: 37/44 MP: 14/21
  4154 | D:9      | Noticed Prince Ribbit
  4173 | D:9      | Killed Prince Ribbit
  4328 | D:10     | Entered Level 10 of the Dungeon
  4541 | D:10     | Reached skill level 10 in Unarmed Combat
  4640 | D:10     | Noticed a hill giant
  4663 | D:10     | Killed a hill giant
  4790 | D:10     | Reached skill level 10 in Transmutations
  4803 | D:10     | Noticed a hill giant
  4821 | D:10     | Killed a hill giant
  4821 | D:10     | Reached skill level 5 in Spellcasting
  4850 | D:10     | Noticed a centaur warrior
  4866 | D:10     | Killed a centaur warrior
  4942 | D:10     | Noticed an oklob plant
  4949 | D:10     | Found a staircase to the Lair.
  4963 | Lair:1   | Entered Level 1 of the Lair of Beasts
  5027 | Lair:1   | Reached XP level 11. HP: 44/48 MP: 15/25
  5042 | Lair:1   | Reached skill level 11 in Unarmed Combat
  5146 | Lair:1   | HP: 2/57 [yak (9)]
  5258 | Lair:2   | Reached skill level 1 in Evocations
  5574 | Lair:3   | Gained mutation: Armour fits poorly on your strangely shaped body. [potion of mutation]
  5574 | Lair:3   | Gained mutation: You are frail (-10% HP). [potion of mutation]
  5574 | Lair:3   | Gained mutation: You have large cloven feet. [potion of mutation]
  5575 | Lair:3   | Lost mutation: You are frail (-10% HP). [potion of cure mutation]
  5575 | Lair:3   | Lost mutation: Armour fits poorly on your strangely shaped body. [potion of cure mutation]
  5575 | Lair:3   | Lost mutation: You have large cloven feet. [potion of cure mutation]
  5932 | Lair:4   | Noticed Erica
  5947 | Lair:4   | Killed Erica
  5947 | Lair:4   | Reached skill level 12 in Unarmed Combat
  6093 | Lair:5   | Slain by a black mamba

Action                   |  1- 3 |  4- 6 |  7- 9 | 10-12 || total
-------------------------+-------+-------+-------+-------++-------
Melee: Unarmed           |    42 |    28 |   224 |   270 ||   564
       Blowgun           |       |    10 |    12 |       ||    22
 Fire: Blowgun           |    37 |    67 |   121 |    54 ||   279
 Cast: Beastly Appendage |     4 |       |       |       ||     4
       Spider Form       |       |     6 |    31 |    25 ||    62
       Blade Hands       |       |       |     6 |     7 ||    13
       Ice Form          |       |       |       |     6 ||     6
 Abil: End Transformatio |       |     4 |    11 |    16 ||    31
Evoke: Wand              |       |       |     4 |    10 ||    14
  Use: Scroll            |     5 |       |     5 |     7 ||    17
       Potion            |       |       |     3 |     3 ||     6
 Stab: Sleeping          |     1 |     3 |    10 |     8 ||    22
       Distracted        |       |     1 |     1 |       ||     2
  Eat: Chunk             |       |     2 |       |     5 ||     7
       Pizza             |       |       |     9 |     4 ||    13
       Beef jerky        |       |       |     3 |     1 ||     4
